General information
- name: BNet
- type: Ladder 1vs1/FFA
- host: Battle.net
- saver: iLikePom
map: TirisfalGlades
- players: 2
- length: 22:04
- speed: Fast
- version: 1.26 W3XP
- replay type: Public
» download(69 KB)
Players
team 1 (winner)
iLikePom (
blue | 85 APM | 1885 actions | 22:04)
5 Goblin Tinker
3 Pocket Factory
2 Engineering Upgrade
» actions
| Assign group hotkey | 58 | |
| Basic commands | 103 | |
| Build / train | 74 | |
| ESC pressed | 2 | |
| Enter build submenu | 46 | |
| Enter hero's abilities submenu | 5 | |
| Give item / drop item | 3 | |
| Right click | 949 | |
| Select / deselect | 354 | |
| Select group hotkey | 188 | |
| Use ability | 103 | |
1885 total
» units
| Peon | 24 | |
| Grunt | 2 | |
| Troll Headhunter/Berserker | 9 | |
| Demolisher | 4 | |
| Troll Witch Doctor | 1 | |
40 total
» upgrades
| Armor | 3 | |
| Ranged Weapons | 3 | |
| Troll Regeneration | 1 | |
| Burning Oil | 1 | |
| Witch Doctor Training | 1 | |
9 total
» buildings
| Barracks | 2 | |
| Orc Burrow | 5 | |
| Altar of Storms | 1 | |
| War Mill | 1 | |
| Voodoo Lounge | 1 | |
| Great Hall | 1 | |
| Watch Tower | 26 | |
| Stronghold | 1 | |
| Spirit Lodge | 1 | |
| Fortress | 1 | |
| Tauren Totem | 1 | |
41 total
» build order
00:10 Barracks
00:19 Orc Burrow
01:05 Altar of Storms
01:53 Orc Burrow
02:15 War Mill
02:39 Voodoo Lounge
03:58 Great Hall
04:15 Watch Tower
04:19 Watch Tower
04:45 Watch Tower
04:57 Watch Tower
05:17 Watch Tower
05:43 Watch Tower
06:08 Watch Tower
07:01 Stronghold
07:15 Watch Tower
08:24 Watch Tower
08:28 Barracks
08:33 Orc Burrow
09:53 Watch Tower
10:14 Spirit Lodge
10:53 Fortress
11:35 Watch Tower
12:54 Watch Tower
12:55 Watch Tower
13:32 Watch Tower
13:33 Watch Tower
13:59 Watch Tower
14:03 Watch Tower
15:29 Watch Tower
15:30 Watch Tower
15:54 Watch Tower
15:57 Watch Tower
16:09 Orc Burrow
16:40 Watch Tower
16:54 Watch Tower
17:48 Orc Burrow
19:11 Watch Tower
20:32 Watch Tower
20:39 Tauren Totem
20:52 Watch Tower
» items
| Scroll of Speed | 2 | |
| Healing Salve | 3 | |
| Lesser Clarity Potion | 5 | |
| Orb of Lightning | 1 | |
| Potion of Healing | 2 | |
| Potion of Invisibility | 1 | |
| Staff of Teleportation | 1 | |
| Scroll of Town Portal | 1 | |
| Potion of Mana | 1 | |
17 total
team 2 (loser)

»
RoneN (
purple | 46 APM | 1003 actions | 21:55)
3 Far Seer
1 Feral Spirit
2 Chain Lighting
2 Shadow Hunter
1 Healing Wave
1 Hex
» actions
| Assign group hotkey | 23 | |
| Basic commands | 16 | |
| Build / train | 73 | |
| Enter build submenu | 17 | |
| Enter hero's abilities submenu | 5 | |
| Give item / drop item | 1 | |
| Remove unit from queue | 3 | |
| Right click | 347 | |
| Select / deselect | 371 | |
| Select group hotkey | 85 | |
| Use ability | 62 | |
1003 total
» units
| Peon | 9 | |
| Grunt | 9 | |
| Demolisher | 6 | |
| Raider | 15 | |
| Troll Witch Doctor | 3 | |
| Shaman | 3 | |
| Kodo Beast | 1 | |
46 total
» upgrades
| Melee Weapons | 1 | |
| Berserker Strength | 1 | |
| Witch Doctor Training | 2 | |
| Shaman Training | 2 | |
| Ensnare | 1 | |
| Armor | 1 | |
| Spiked Barricades | 1 | |
| Burning Oil | 1 | |
| War Drums Damage Increase | 1 | |
11 total
» buildings
| Altar of Storms | 1 | |
| Orc Burrow | 5 | |
| Barracks | 1 | |
| War Mill | 1 | |
| Stronghold | 1 | |
| Voodoo Lounge | 1 | |
| Beastiary | 1 | |
| Spirit Lodge | 2 | |
| Watch Tower | 1 | |
| Fortress | 1 | |
15 total
» build order
00:08 Altar of Storms
00:13 Orc Burrow
01:10 Barracks
01:23 Orc Burrow
02:11 War Mill
04:01 Orc Burrow
04:07 Stronghold
04:34 Voodoo Lounge
05:35 Orc Burrow
06:59 Beastiary
07:10 Spirit Lodge
07:14 Spirit Lodge
08:17 Orc Burrow
10:19 Watch Tower
13:34 Fortress
» items
| Healing Salve | 4 | |
| Lesser Clarity Potion | 1 | |
5 total
Chat log
(21:45 / All) iLikePom: LOL